Cogmind - Beta 13 @@@ ROGUE MODE // 2024.04.21 @ 14:56:53 Player: puppuppit Result: Destroyed by as-03121 with Assembled Heavy Rifle Performance ------------- Evolutions (0) 0 Regions Visited (2) 400 Robots Destroyed (40) 200 Value Destroyed (494) 494 Prototype IDs (5) 100 Alien Tech Used (0) 0 Bonus (0) 0 TOTAL SCORE: 1194 Bonus ------- None Cogmind --------- Core Integrity 0/250 Matter 290/300 Energy 69/100 System Corruption 4% Temperature Cool (0) Movement Flying (120) Ox1 Location -10/Mines Parts ------- > --- POWER (1) -------- (None) > --- PROPULSION (2) --- Flight Unit > --- UTILITY (2) ------ Small Storage Unit Terrain Scan Processor > --- WEAPON (2) ------- (None) > --- INVENTORY (8) ---- Flight Unit Flight Unit Improved Terrain Scanner Decoy Drone Bay (16/16) EM Shotgun Peak State ------------ > --- POWER ------------ Light Ion Engine > --- PROPULSION ------- Hover Unit Hover Unit > --- UTILITY ---------- Decoy Drone Bay > --- WEAPON ----------- EM Shotgun > --- INVENTORY -------- Flight Unit Flight Unit Flight Unit Experimental Sensor Array EM Shotgun [Rating: 20] Favorites ----------- Power Light Ion Engine Engine Light Ion Engine Propulsion Wheel Wheel Wheel Hover Unit Hover Unit Flight Unit Flight Unit Utility Small Storage Unit Device Improved Terrain Scanner Storage Small Storage Unit Processor Visual Processing Unit Weapon EM Shotgun Energy Gun EM Shotgun Energy Cannon Advanced Beam Cannon Ballistic Gun Light Assault Rifle Build | -11 -10 -10 ------- Run | Yrd Mat Min Slots Evolved . | . . . Power . | . . . Propulsion . | . . . Utility . | . . . Weapon . | . . . Parts Attached 44 | 9 22 13 Power 5 | 1 3 1 Engine 5 | 1 3 1 Core . | . . . Reactor . | . . . Propulsion 19 | 4 10 5 Treads . | . . . Leg . | . . . Wheel 8 | 4 4 . Hover 4 | . 4 . Flight 7 | . 2 5 Utility 12 | 2 4 6 Device 7 | 1 2 4 Storage 3 | 1 1 1 Processor 2 | . 1 1 Hackware . | . . . Protection . | . . . Artifact . | . . . Weapon 8 | 2 5 1 Energy Gun 5 | . 4 1 Energy Cannon 1 | . 1 . Ballistic Gun 2 | 2 . . Ballistic Cannon . | . . . Launcher . | . . . Special Weapon . | . . . Impact Weapon . | . . . Slashing Weapon . | . . . Piercing Weapon . | . . . Special Melee Weapon . | . . . Unidentified Prototypes 3 | . 1 2 Parts Lost 10 | . 5 5 Power . | . . . Propulsion 8 | . 4 4 Utility 1 | . 1 . Weapon 1 | . . 1 Highest Loss Streak 4 | . 2 4 To Critical Strikes . | . . . Average Slot Usage (%) 86 | . 91 77 Engine 12 | . 13 9 Wheel 12 | . 18 . Hover 11 | . 7 17 Flight 3 | . . 9 Device 8 | . 8 8 Storage 13 | . 14 13 Processor 3 | . 2 4 Energy Gun 13 | . 12 14 Ballistic Gun 7 | . 10 . Naked Turns . | . . . Heaviest Build 20 | 11 15 20 Greatest Support 26 | 26 26 12 Greatest Overweight (x) 2 | . 2 1 Average Overweight (x) . | . . . Largest Inventory Capacity 8 | 8 8 8 Average Capacity 7 | 7 8 7 Most Carried 8 | 4 8 8 Average Carried 6 | 1 6 7 Final Capacity 8 | 8 8 8 Final Carried 8 | 4 8 6 Class Distribution -------------------- 55% | Mutant 44% | Scavenger-Mutant Dominant Class ---------------- Mutant | -10/Materials Scavenger-Mutant | -10/Mines Resources | -11 -10 -10 ----------- Run | Yrd Mat Min Matter Collected 721 | 304 317 100 Remotely . | . . . Salvage Created 1005 | 168 595 242 Parts 79 | 14 43 22 Haulers Intercepted 1 | . 1 . Recyclers Shooed 3 | 1 2 . Parts Field Recycled . | . . . Retrieved Matter . | . . . Parts Self-Destructed . | . . . Prevented . | . . . Kills | -11 -10 -10 ------- Run | Yrd Mat Min Combat Hostiles Destroyed 18 | . 12 6 Guns 18 | . 12 6 Classes Destroyed 9 | 2 7 . Worker 5 | . 5 . Builder 2 | . 1 1 Tunneler 9 | 5 1 3 Hauler 1 | . 1 . Recycler 2 | 1 . 1 Operator 1 | . 1 . Watcher 2 | . 2 . Swarmer 12 | . 6 6 Grunt 6 | . 6 . Best Kill Streak 6 | 4 6 4 Combat Bots Only 4 | . 4 3 Max Kills in Single Turn 1 | 1 1 1 Gunslinging . | . . . Exploded . | . . . Melee . | . . . Uniques/NPCs Destroyed . | . . . Combat | -11 -10 -10 -------- Run | Yrd Mat Min Hostile Shots Fired 121 | . 86 35 Missed 45 | . 28 17 Damage Taken 896 | . 610 286 Core 260 | . 149 111 Absorbed by Shields . | . . . Core Remaining (%) 100 | 100 . . Volleys Fired 124 | 12 90 22 Largest 2 | 2 2 1 Hottest 90 | 40 90 45 Shots Fired 209 | 24 163 22 Gun 209 | 24 163 22 Cannon . | . . . Launcher . | . . . Special . | . . . Kinetic 134 | 24 110 . Thermal . | . . . Explosive . | . . . Electromagnetic 75 | . 53 22 Robot Hit Streak 10 | 5 8 10 Robot Miss Streak 5 | 2 5 2 Penetration Max . | . . . Secondary Targets 1 | . 1 . Max Gunslinging Chain 1 | . 1 . Shots Hit Robots 137 | 14 102 21 Core Hits 62 | 10 39 13 Critical Kills . | . . . Critical Parts Destroyed . | . . . Critical Strikes . | . . . Melee Attacks . | . . . Impact . | . . . Slashing . | . . . Piercing . | . . . Sneak Attacks . | . . . Combat Hostiles . | . . . Follow-up Attacks . | . . . Damage Inflicted 1599 | 122 1218 259 Guns 1465 | 122 1084 259 Cannons . | . . . Explosions 134 | . 134 . Melee . | . . . Ramming . | . . . Kinetic 688 | 122 566 . Thermal 47 | . 47 . Explosive 87 | . 87 . Electromagnetic 777 | . 518 259 Impact . | . . . Slashing . | . . . Piercing . | . . . Highest Corruption 4 | . . 4 Average Corruption 4 | . . 4 Corruption Purged . | . . . Corruption Blocked . | . . . Overload Shots . | . . . Overflow Damage 71 | . 71 . Projectiles . | . . . Explosions 71 | . 71 . Melee . | . . . Knockbacks . | . . . Impact . | . . . Kinetic . | . . . Secondary . | . . . Self-Inflicted Damage 45 | . 45 . Shots 2 | . 2 . Rammed . | . . . Targets Rammed . | . . . Kicked . | . . . Crushed . | . . . Highest Temperature 216 | . 216 32 Average Temperature 47 | . 55 11 Received Heat Transfer 254 | . 234 20 Siege Activations . | . . . Robots Corrupted . | . . . Combat Hostiles . | . . . Parts Fried 3 | . 3 . Impact Corruptions . | . . . Robots Melted . | . . . Combat Hostiles . | . . . Parts Melted . | . . . Heat Transferred 50 | . 50 . Parts Sabotaged . | . . . Parts Stolen . | . . . Parts Stripped . | . . . Power Chain Reactions 1 | . 1 . Alert | -11 -10 -10 ------- Run | Yrd Mat Min Peak Influence 393 | 30 393 320 Initial 120 | . 19 120 Average 211 | 11 251 195 Maximum Alert Level 1 | . 1 1 Low Security (%) 43 | 100 26 57 Level 1 56 | . 73 42 Level 2 . | . . . Level 3 . | . . . Level 4 . | . . . Level 5 . | . . . High Security . | . . . Max Security . | . . . Squads Dispatched 1 | . 1 . Investigation . | . . . Extermination . | . . . Reinforcement 1 | . 1 . Assault . | . . . Garrison . | . . . Intercept . | . . . Searches Triggered . | . . . Construction Impeded . | . . . Haulers Reinforced . | . . . Active Scanning Responses . | . . . Cargo Convoy Interrupts . | . . . Stealth | -11 -10 -10 --------- Run | Yrd Mat Min Distress Signals 1 | . 1 . Communications Jammed . | . . . Distress Signals . | . . . Times Spotted 44 | . 22 22 Peak Tracking Total 17 | . 5 17 Tactical Retreats 4 | . 3 1 Traps | -11 -10 -10 ------- Run | Yrd Mat Min Traps Triggered . | . . . Indirectly . | . . . Trap Hack Attempts . | . . . Triggered . | . . . Disarmed . | . . . Reprogrammed . | . . . Reused . | . . . Traps Extracted . | . . . Installed . | . . . Triggered . | . . . Machines | -11 -10 -10 ---------- Run | Yrd Mat Min Machines Disabled 3 | . 3 . Max in Single Turn 2 | . 2 . Machines Repaired . | . . . Machines Dismantled . | . . . Machines Sabotaged . | . . . Overloaded Fab Kills . | . . . Hacking | -11 -10 -10 --------- Run | Yrd Mat Min Machines Accessed 4 | . 3 1 Terminals 3 | . 3 . Fabricators . | . . . Repair Stations . | . . . Recycling Units . | . . . Scanalyzers . | . . . Garrison Access . | . . . Total Hacks 11 | . 10 1 Successful 4 | . 3 1 Failed 7 | . 7 . Catastrophic 1 | . 1 . Database Lockouts . | . . . Manual 6 | . 6 . Terminals 10 | . 10 . Fabricators . | . . . Repair Stations . | . . . Recycling Units . | . . . Scanalyzers . | . . . Garrison Access . | . . . Terminal Hacks 4 | . 3 1 Robot Analysis 2 | . 2 . Prototype ID Bank 1 | . 1 . Open Door 1 | . . 1 Fabricator Hacks . | . . . Repair Station Hacks . | . . . Recycling Unit Hacks . | . . . Scanalyzer . | . . . Garrison Access Hacks . | . . . Unauthorized Hacks . | . . . Terminals . | . . . Fabricators . | . . . Repair Stations . | . . . Recycling Units . | . . . Scanalyzers . | . . . Garrison Access . | . . . Data Cores Recovered . | . . . Used . | . . . Hacking Detections 3 | . 3 . Full Trace Events . | . . . Feedback Events . | . . . Feedback Blocked . | . . . Robot Schematics Acquired . | . . . Robots Built . | . . . Authchips . | . . . Time . | . . . Total Robot Build Rating . | . . . Part Schematics Acquired . | . . . Parts Built . | . . . Authchips . | . . . Time . | . . . Total Part Build Rating . | . . . Parts Repaired . | . . . Time . | . . . Parts Recycled . | . . . Recycled Matter . | . . . Retrieved Matter . | . . . Retrieved Components . | . . . Parts Scanalyzed . | . . . Part Schematics Acquired . | . . . Parts Damaged . | . . . Bothacking | -11 -10 -10 ------------ Run | Yrd Mat Min Used RIF Installer . | . . . Robots Hacked . | . . . Non-combat . | . . . Combat . | . . . Robot Hacks Applied . | . . . Relay Couplers Released . | . . . Fabnet Peak Effective % . | . . . Robots Rewired . | . . . Allies Hacked . | . . . Hacks Repelled . | . . . Allies | -11 -10 -10 -------- Run | Yrd Mat Min Total Allies . | . . . Largest Group . | . . . Highest-Rated Group . | . . . Highest-Rated Ally . | . . . Total Orders . | . . . Ally Attacks . | . . . Total Damage . | . . . Kills . | . . . Allies Corrupted . | . . . Allies Melted . | . . . Intel | -11 -10 -10 ------- Run | Yrd Mat Min Robot Analysis Total 2 | . 2 . Derelict Logs Recovered 3 | . . 3 Drone Launches . | . . . Drone Recoveries . | . . . Exploration | -11 -10 -10 ------------- Run | Yrd Mat Min Turns Passed 1050 | 96 620 334 Spaces Moved 942 | 58 459 425 Core 2 | 2 . . Treads . | . . . Legs . | . . . Wheels 275 | 56 219 . Hover 495 | . 218 277 Flight 170 | . 22 148 Fastest Speed 37 | 50 37 37 Average Speed 62 | 83 70 50 Slowest Speed 185 | 90 185 116 Overloaded Moves . | . . . Propulsion Burnouts . | . . . Robots Hopped 4 | . . 4 Cave-ins Triggered . | . . . Exploration Rate (%) 39 | 3 52 64 Regions Visited 2 Branch Regions 1 Pre-discovered Areas 1 | . . 1 Known Exits Taken . | . . . Unknown Exits Taken 2 | 1 1 . Scrap Searched 1 | . . 1 Spaces Dug . | . . . Terrain Destroyed 47 | . 47 . Melee . | . . . Projectile . | . . . AOE 47 | . 47 . Terrain Rammed . | . . . Walls Destroyed . | . . . Machines Disabled . | . . . Actions | -11 -10 -10 --------- Run | Yrd Mat Min Total 1227 | 83 617 527 Wait 57 | . 15 42 Move 932 | 57 458 417 Hop 4 | . . 4 Pick Up 24 | 4 9 11 Fast Attach 22 | 6 10 6 Attach 14 | 2 6 6 Detach 11 | 1 8 2 Swap 8 | 1 6 1 Drop 31 | . 15 16 Fire 124 | 12 90 22 Melee . | . . . Ram . | . . . Kick . | . . . Crush . | . . . Escape Stasis . | . . . Rewire . | . . . Trap . | . . . Miscellaneous . | . . . Route ------- -11/Scrapyard -10/Materials (discovered 2 exits: [*Mat] / *Min) -10/Mines History --------- Turn | Location | Event 21 | -11/Scrapyard | Discovered new exit (range 15) 97 | -11/Scrapyard | Entered Materials 302 | -10/Materials | Build established: Mutant 379 | -10/Materials | Discovered new exit (range 16) 394 | -10/Materials | Core integrity fell below 50% 557 | -10/Materials | Discovered new exit (range 13) 717 | -10/Materials | Entered Mines 725 | -10/Mines | Learned Materials security intel 831 | -10/Mines | Found a damaged Exp. Sensor Array with a note attached 832 | -10/Mines | Found Prototype Device 832 | -10/Mines | Identified Exp. Sensor Array 851 | -10/Mines | Found the Drone Emporium 860 | -10/Mines | Found Prototype Device 860 | -10/Mines | Identified Decoy Drone Bay 1015 | -10/Mines | Assembled infested the area 1022 | -10/Mines | Learned location of Storage (-8) 1039 | -10/Mines | Learned Materials emergency access door positions 1042 | -10/Mines | Core integrity fell below 20% 1051 | -10/Mines | Destroyed by as-03121 with Assembled Heavy Rifle Last Messages --------------- 00971_ S-10 Pest destroyed. 00976_ Acquired 10 matter. 00978_ Acquired Flight Unit. 00980_ Dropped Flight Unit. 00980_ Acquired Flight Unit. 00980_ Dropped Lgt. Ion Engine. 00982_ Acquired Flight Unit. 01015_ ALERT: Infestation in the mines, dispatching Demolisher response squad. 01022_ Acquired derelict log, extracted data. World map updated: -8/Storage. 01037_ C-30 ARC bursts open, deploying its payload. 01037_ D-53 Grenadier unfolds itself. 01039_ Acquired derelict log, extracted data. Data stored: Materials emergency access points. 01044_ EM Shotgun destroyed. 01045_ YI-UF0 mumbles something. 01048_ Flight Unit destroyed. 01050_ System corrupted by crushing effect (+3). 01050_ System corrupted by crushing effect (+1). 01051_ YI-UF0 mumbles something. Map ----- +----------------------------------------------------+ | ! #??????????????????## #????## = | | ######## ##?????????????#?????# #?????# # | | ???????#####??????#? ???????????# #????# # | | ??????????????????????? ???????? #????# # | | ???????????????????????????????? ?????##### ## | | ??????????????????????????????? ?????????# ##? | | ??????????????????????????????? ?????????# #?# | | ???????????????????????????????## ???????#?# #?? | | ???#?????????????????????????????# ?????????# #?? | | ?????#????????????????????????????#?????????# #?? | | ?????????????????????????????????????????##?# #?? | | ?????#??????????????????????????????????????# #?? | | ????????????????????????????????#???????????# ?# | | ???????????????????????????????????????????? ?? | | ???????????????????????????????????????????? ?? | | ????????????????????????????????#####??????? ?? | | ??????????????????????????????### #??????? ??? | | ???????????????????????# ###### #????????????? | | ???????????????????????? !!| #####??????? ? | | ??????????????????????????#%##" #??????? ? | | ??????????????????????????#a#?# #??????? ? | | ?????????????????????????##a###### ### #??????? ? | | ????????????????????????## ##??## #?# #??????? ? | | ????????????????????????# ga a##??# #?# #??????? ? | | ??????????????????????### aaa #### #?# #??????? ? | | ????????????????????# # @a aa a ### ##?????# # | | ?????????????????????# a """ ## #?????# # | | ?????????????????? """ ### ##????# # | | ?????????????????##### # ## """ #?# #????# # | | ???????????????????? ### a #### ##????# # | | ??????????????????# #??# ## # #????# # | | ????????????????? ???#### ## ### ###????# # | | ???????????????? ##???????# ##???## #??##### # | | ???????????????? # #?????????# ?????# #??# | | ??????????????? ?###??????????####????# #??# ##### | | ?????????????? ???????????????????????# #??# ###?? | | ??????????????????????????????????????# #??# ##? | | ??????????????????????????????????????# #?## #? | | ??????????????????????????????????????#"#?# #? | | ??????????????????????????????????????#%### #? | | ??????????????????????????????????????#" ##? | | ??????????????????????????????????????##### ##? | | ????????????????????????????????????######## #? | | ????????????????????????????? #? | | ????????????????????????????? ##? | | ????????????????????????????????################?? | | ?????????????????????????????????????????????????? | | ?????????????????????????????????????????????????? | | ?????????????????????????????????????????????????? | | ?????????????????????????????????????????????????? | +----------------------------------------------------+ Best States ------------- Heat Dissipation 25 Energy Generation 10 Energy Capacity 125 Matter Stores 300 Matter Capacity 300 Sight Range 18 Terrain Scan Range 16 Terrain Scan Density 85 Evasion (%) 62 Item Schematics ----------------- None Robot Schematics ------------------ None Fabricated ------------ Nothing Alien Tech Used ----------------- None Achievements -------------- None Challenges ------------ None Game ------ Seed MakeshiftMiniRouter Manual? 0 Play Time 00:15:08 Cumulative 255.8 hours Start 2024.04.21 @ 14:43:08 End 2024.04.21 @ 14:56:53 Sessions 1 Manual Loads 0 Difficulty Rogue Special Mode None Game No. 105 Rogue 105 Adventurer 0 Explorer 0 Win Type - Total 1 Types 0/0/1/0/0/0/0/0/0 Lore% 64 Gallery% 71 Achievement% 58 Wizard Run 0 Options --------- Layout 0 ASCII 0 Keyboard 1 Movement Arrows Keybinds 0 Fullscreen 1 Font 12/Proggy Map View 83x54 Zoom Use 0% Tactical HUD 1 Map Filters NONE Filters NONE Steam 0 RUN: ee1af15d-49b9-4040-aaa2-ab9a3b10fa03